 Dungeon Crawl Stone Soup version 0.27-a0-1321-gd358eaa319 (webtiles) character file.

Game seed: 11704820997577683854

5 Nattfarinn the Vexing (level 1, 0/12 HPs)
             Began as a Deep Elf Arcane Marksman on June 22, 2021.
             Slain by a frilled lizard (2 damage)
             ... on level 1 of the Dungeon.
             The game lasted 00:01:23 (109 turns).

Nattfarinn the Vexing (Deep Elf Arcane Marksman)     Turns: 109, Time: 00:01:24

Health: 0/12       AC:  2    Str:  7    XL:     1   Next: 66%
Magic:  5/5        EV: 12    Int: 17    God:
Gold:   0          SH:  0    Dex: 15    Spells: 2/3 levels left

rFire    . . .     SeeInvis .   a - +0 shortbow
rCold    . . .     Faith    .   (shield currently unavailable)
rNeg     . . .     Spirit   .   d - +0 robe
rPois    .         Reflect  .   (no helmet)
rElec    .         Harm     .   (no cloak)
rCorr    .         Rampage  .   (no gloves)
Will     .....                  (no boots)
Stlth    +.........             (no amulet)
HPRegen  0.04/turn              (no ring)
MPRegen  0.09/turn              (no ring)

@: no status effects
A: no striking features
a: no special abilities


You were on level 1 of the Dungeon.
You visited 1 branch of the dungeon, and saw 1 of its levels.

Inventory:

Hand Weapons
 a - a +0 shortbow (weapon)
Missiles
 c - 5 arrows (quivered ammo)
Armour
 d - a +0 robe (worn)
Scrolls
 b - a scroll of teleportation {unknown}


   Skills:
 + Level 1.0 Fighting
 * Level 3.1 Bows
 + Level 2.6 Dodging
 - Level 1.5 Spellcasting
 - Level 4.0 Hexes


You had 2 spell levels left.
You knew the following spells:

 Your Spells              Type           Power      Damage    Failure   Level
a - Corona                Hex            15%        N/A       4%          1

Your spell library contained the following spells:

 Spells                   Type           Power      Damage    Failure   Level
 Slow                     Hex            14%        N/A       6%          2
 Inner Flame              Hex/Fire       8%         N/A       26%         3
 Portal Projectile        Hex/Tloc       16%        N/A       26%         3
 Cause Fear               Hex            7%         N/A       36%         4
 Leda's Liquefaction      Hex/Erth       4%         N/A       65%         4


Dungeon Overview and Level Annotations

Branches:
Dungeon (1/15)

Altars:


Message History

The hobgoblin misses you.
Fire: 3 arrows
Press: ? - help, Q - select action, (/) - cycle Shift-Dir - straight line, f - you, p - hobgoblin Really target yourself? [Y]es or [N]o only, please.
Really target yourself?
Okay, then.
Fire: 3 arrows
Press: ? - help, Q - select action, (/) - cycle Shift-Dir - straight line, f - hobgoblin
Aim: a hobgoblin (lightly wounded, 59% to hit)
You shoot an arrow.
The arrow hits the hobgoblin but does no damage.
The hobgoblin is lightly wounded.
The hobgoblin closely misses you.
Okay, then.
You see here an arrow.
c - 3 arrows (gained 1)
The hobgoblin completely misses you. The giant cockroach closely misses you.
The hobgoblin barely misses you. The giant cockroach bites you.
* * * LOW HITPOINT WARNING * * *
You see here a +0 club.
The frilled lizard bites you but does no damage.
You see here 4 arrows.
c - 7 arrows (gained 4)
The hobgoblin closely misses you.
Fire: 7 arrows
Press: ? - help, Q - select action, (/) - cycle Shift-Dir - straight line, f/p - hobgoblin
Aim: a hobgoblin (lightly wounded, 59% to hit)
You shoot an arrow. The frilled lizard hisses angrily.
The arrow hits the hobgoblin.
The hobgoblin is severely wounded.
The hobgoblin misses you. The frilled lizard closely misses you.
Fire: 6 arrows
Press: ? - help, Q - select action, (/) - cycle Shift-Dir - straight line, f/p - hobgoblin
Aim: a hobgoblin (severely wounded, 59% to hit)
You shoot an arrow. The arrow barely misses the hobgoblin.
The ball python hisses angrily.
The hobgoblin closely misses you. The frilled lizard bites you.
You die...

♣♣♣♣♣ ## .. .... . ...♣. .♣.
## ♣. ♣....♣♣.. o⌠. ....
.♣...♣...#####Sol. .♣..
...♣.....8.#$#oKr.#...#
...♣..♣..♣♣...Bl@'(# #...#
♣..♣♣..........g.'.# #...###
♣......♣♣......8(#$#o..
#.....
..♣...♣..♣.....#####o...#...#
.♣.♣..♣♣...♣..).## ⌠.⌠.#...#
.♣..♣♣..♣...♣....########...#
.♣..♣♣....(.[...........((..#
..♣..♣..♣♣...♣...⌠....###...#
♣...♣.♣.†♣....♣.......(.....#


You could see 5 orcs, a giant cockroach, a hobgoblin, a ball python, a kobold, 2
frilled lizards and a rat.

Vanquished Creatures
  A dart slug (D:1)
  A hobgoblin (D:1)
  A bat (D:1)
  A rat (D:1)
4 creatures vanquished.

Notes
Turn   | Place    | Note
-------+----------+-------------------------------------------
     0 | D:1      | Nattfarinn the Deep Elf Arcane Marksman began the quest for
                  | the Orb.
     0 | D:1      | Reached XP level 1. HP: 11/11 MP: 5/5
    79 | D:1      | Reached skill level 1 in Fighting
   109 | D:1      | Slain by a frilled lizard

Illustrated notes

Levels and vault maps discovered:
D:1:      erik_arrival_cave_to_civilisation [erik_arrival_cave_to_temple],
          layout_loops_ring, hellmonk_ecumenical_altar_lost_god, serial_shops,
          shop, nicolae_shop_waterfront, st_stairs_3, minmay_misc_feat_pillars,
          chequers_serial_rivers_micro_d

Skill      XL: |  1 |
---------------+----+-----
Bows           | 3 |  3.1
Fighting       | 1 |  1.0
Dodging        | |  2.6
Spellcasting   | |  1.5
Hexes          | |  4.0

Action                   || total
-------------------------++-------
 Fire: Shortbow          ||    26
Armor: Robe              ||    12
Dodge: Dodged            ||    36

Table legend: (Time is in decaauts)
 A = Elapsed time spent in this place.
 B = Non-inter-level travel time spent in this place.
 C = Inter-level travel time spent in this place.
 D = Time resting spent in this place.
 E = Time spent auto-exploring this place.
 F = Levels seen in this place.
 G = Mean time per level.
                   A        B        C        D        E       F      G
               +--------+--------+--------+--------+--------+-----+--------+
         Total |    113 |    113 |      0 |      0 |     41 |   1 |  113.0 |
       Dungeon |    113 |    113 |      0 |      0 |     41 |   1 |  113.0 |
               +--------+--------+--------+--------+--------+-----+--------+

Top non-repeatable levels by time:
     D:1: 113 daAuts
